 Dungeon Crawl Stone Soup version 0.28-a0-850-g09de17f5b5 (webtiles) character file.

Game seed: 17696650716331962726

439 Crownlay the Digger (level 7, 0/36 HPs)
             Began as a Gargoyle Earth Elementalist on Nov 14, 2021.
             Shot with an arrow by a centaur (7 damage)
             ... on level 5 of the Dungeon.
             The game lasted 00:05:51 (4905 turns).

Crownlay the Digger (Gargoyle Earth Elementalist)   Turns: 4905, Time: 00:05:51

Health: 0/36       AC:  6    Str: 11    XL:     7   Next: 1%
Magic:  11/15      EV: 11    Int: 18    God:
Gold:   275        SH:  0    Dex: 10    Spells: 11/17 levels left

rFire   . . .      SeeInvis .   k - +1 falchion (vorpal)
rCold   . . .      Faith    .   (no shield)
rNeg    + . .      Spirit   .   b - +0 robe
rPois   ∞          Reflect  .   o - +0 hat "Ipeany" {Slay+2}
rElec   +          Harm     .   (no cloak)
rCorr   +          Rampage  .   (no gloves)
Will    .....                   (no boots)
Stlth   ++........              (no amulet)
HPRegen 0.12/turn               a - ring of resist corrosion
MPRegen 0.14/turn               (no ring)

@: no status effects
A: sickness immunity, AC +4, negative energy resistance 1, electricity
resistance, torment resistance 1, petrification resistance
a: no special abilities


You were on level 5 of the Dungeon.
You visited 1 branch of the dungeon, and saw 5 of its levels.

You collected 275 gold pieces.

Inventory:

Hand Weapons
 k - a +1 vorpal falchion (weapon)
Missiles
 c - 53 stones
Armour
 b - a +0 robe (worn)
 o - the +0 hat "Ipeany" (worn) {Slay+2}
   (You found it on level 4 of the Dungeon)

   Slay:      It affects your accuracy & damage with ranged weapons and melee
   (+2).
Jewellery
 a - a ring of resist corrosion (left hand)
Wands
 m - a wand of iceblast (9)
 p - a wand of paralysis (10)
Scrolls
 d - a scroll of noise
 e - a scroll of vulnerability {unknown}
 f - 2 scrolls of identify
 h - 2 scrolls of enchant armour
 i - 3 scrolls of blinking
 j - a scroll of torment {unknown}
Potions
 g - a potion of lignification {unknown}
 l - a potion of haste {unknown}
 n - a potion of curing {unknown}


   Skills:
 - Level 1.5 Dodging
 - Level 2.1 Stealth
 * Level 5.6 Spellcasting
 - Level 0.7 Transmutations
 + Level 6.0 Earth Magic


You had 11 spell levels left.
You knew the following spells:

 Your Spells              Type           Power      Damage    Failure   Level
a - Sandblast             Erth           52%        2d12      1%          1
b - Stone Arrow           Conj/Erth      30%        3d8       11%         3
c - Passwall              Tmut/Erth      14%        N/A       4%          2

Your spell library contained the following spells:

 Spells                   Type           Power      Damage    Failure   Level
 Animate Skeleton         Necr           10%        N/A       13%         1
 Apportation              Tloc           10%        N/A       13%         1
 Slow                     Hex            20%        N/A       13%         1
 Summon Small Mammal      Summ           20%        N/A       13%         1
 Petrify                  Tmut/Erth      17%        N/A       30%         4
 Ignite Poison            Fire/Tmut/Pois 5%         N/A       34%         3
 Confusing Touch          Hex            5%         N/A       36%         3
 Conjure Flame            Conj/Fire      5%         6-21      36%         3
 Vampiric Draining        Necr           5%         2d6       36%         3
 Sticky Flame             Conj/Fire      5%         2d3       77%         4


Dungeon Overview and Level Annotations

Branches:
Dungeon (5/15)
 Temple: D:4-7

Altars:
Makhleb
Uskayaw

Shops:
D:4 (


Innate Abilities, Weirdness & Mutations

You are immune to sickness and miasma.
Your stone body is resilient. (AC +4)
You are immune to poison.
You resist negative energy. (rN+)
You are resistant to electric shocks. (rElec)
You are resistant to unholy torment.
You are immune to petrification.


Message History

Casting: Sandblast (safe; 1% risk of failure)
Confirm with . or Enter, or press ? or * to list all spells.
The spell is quite dangerous to cast (11% risk of failure)!
Continue anyway?
Okay, then.
Casting: Stone Arrow (quite dangerous; 11% risk of failure)
Confirm with . or Enter, or press ? or * to list all spells.
Aiming: Sandblast (safe; 1% risk of failure)
Press: ? - help, Shift-Dir - straight line, f - scorpion
Aim: a scorpion (heavily wounded, 81% to hit)
The blast of sand hits the scorpion.
The scorpion is heavily wounded.
The scorpion closely misses you.
Casting: Sandblast (safe; 1% risk of failure)
Confirm with . or Enter, or press ? or * to list all spells.
Aiming: Sandblast (safe; 1% risk of failure)
Press: ? - help, Shift-Dir - straight line, f - centaur, p - scorpion
Aim: a centaur, wielding a +0 shortbow and quivering arrows (88% to hit)
The blast of sand hits the scorpion.
The scorpion is severely wounded.
The scorpion stings you.
* * * LOW HITPOINT WARNING * * *
The scorpion barely misses you.
Casting: Sandblast (safe; 1% risk of failure)
Confirm with . or Enter, or press ? or * to list all spells.
Aiming: Sandblast (safe; 1% risk of failure)
Press: ? - help, Shift-Dir - straight line, f/p - centaur
Aim: a centaur, wielding a +0 shortbow and quivering arrows (88% to hit)
The blast of sand hits the scorpion.
The scorpion is almost dead.
The scorpion stings you but does no damage.
Casting: Sandblast (safe; 1% risk of failure)
Confirm with . or Enter, or press ? or * to list all spells.
Aiming: Sandblast (safe; 1% risk of failure)
Press: ? - help, Shift-Dir - straight line, f/p - centaur
Aim: a centaur, wielding a +0 shortbow and quivering arrows (88% to hit)
The blast of sand hits the scorpion.
You kill the scorpion!
The centaur shoots an arrow.
The arrow misses you.
The centaur shoots an arrow.
The arrow hits you!
You die... # #. #. #.###.#### Zc.....

#..c# #.# #
#@##
#.#..#####.#
#..........#
####..######
.#######.##
..........#
#######.#.#
#.#.# #.#.#


You could see a centaur.

Vanquished Creatures
  An ogre (D:5)
  2 scorpions (D:5)
  A jelly (D:4)
  A bullfrog skeleton (D:4)
  Natasha (twice) (D:2)
  Terence (D:2)
  A gnoll (D:1)
  7 adders
  A shadow imp (D:5)
  A white imp (D:3)
  3 dart slugs
  2 orcs
  8 endoplasms
  3 giant cockroaches
  4 goblins
  9 hobgoblins
  4 jackals
  5 quokkas
  6 ball pythons
  A ball python skeleton (D:2)
  3 bats
  5 frilled lizards
  10 kobolds
  4 rats
85 creatures vanquished.

Notes
Turn   | Place    | Note
-------+----------+-------------------------------------------
     0 | D:1      | Crownlay the Gargoyle Earth Elementalist began the quest
                  | for the Orb.
     0 | D:1      | Reached XP level 1. HP: 10/10 MP: 3/3
   326 | D:1      | Reached XP level 2. HP: 4/15 MP: 1/5
   343 | D:1      | Reached skill level 4 in Earth Magic
   623 | D:1      | Reached XP level 3. HP: 8/19 MP: 4/7
   627 | D:1      | Learned a level 3 spell: Stone Arrow
   800 | D:1      | Found a faded altar of an unknown god.
  1153 | D:1      | Learned a level 2 spell: Passwall
  1518 | D:2      | You fall into a shaft and drop 2 floors!
  1525 | D:4      | Reached XP level 4. HP: 21/24 MP: 5/9
  1924 | D:3      | Reached XP level 5. HP: 28/28 MP: 10/10
  2539 | D:3      | Reached skill level 5 in Earth Magic
  2597 | D:2      | Noticed Terence
  2611 | D:2      | Killed Terence
  2791 | D:2      | You fall into a shaft and drop 1 floor!
  2841 | D:3      | Found a hide-covered altar of Uskayaw.
  2851 | D:3      | Found a burning altar of Makhleb.
  2976 | D:2      | Noticed Natasha
  2984 | D:2      | Killed Natasha
  2985 | D:2      | Reached XP level 6. HP: 32/32 MP: 7/13
  2988 | D:2      | Noticed Natasha
  2993 | D:2      | Killed Natasha
  3980 | D:3      | Reached skill level 5 in Spellcasting
  4382 | D:4      | Identified the +0 hat "Ipeany" {Slay+2}
  4643 | D:4      | Found Yxorrol's Weapon Shoppe.
  4707 | D:5      | Entered Level 5 of the Dungeon
  4715 | D:5      | Reached skill level 6 in Earth Magic
  4715 | D:5      | Reached XP level 7. HP: 32/36 MP: 4/15
  4905 | D:5      | Shot with an arrow by a centaur

Illustrated notes

Levels and vault maps discovered:
D:1:      psy_arrival_whirlpool, layout_loops_ring,
          shapermc_ecumenical_altar_flowoftime, hex_large
D:2:      layout_rooms, minmay_pentomino_u2, uniq_natasha, uniq_terence
D:3:      layout_basic, jmf_multi_god_temple, minmay_increasing_density
D:4:      layout_rooms, serial_shops, nicolae_shop_stone, serial_park_tiny_2,
          minivault_1
D:5:      layout_basic, minivault_14, lexackson_kobold_supper, uniq_ijyb

Skill      XL: |  1  2  3  4  5  6 |
---------------+-------------------+-----
Earth Magic    | 4 5 6 |  6.0
Spellcasting   | 3 4 5 |  5.6
Dodging        | |  1.5
Stealth        | |  2.1
Transmutations | |  0.7

Action                   |  1- 3 |  4- 6 |  7- 9 || total
-------------------------+-------+-------+-------++-------
Melee: Dagger            |    80 |       |       ||    80
       Unarmed           |     9 |       |       ||     9
       Falchion          |       |   151 |     5 ||   156
 Cast: Sandblast         |    10 |    25 |     4 ||    39
       Stone Arrow       |       |     2 |       ||     2
  Use: Scroll            |       |     3 |       ||     3
 Stab: Sleeping          |     4 |     7 |       ||    11
Armor: Robe              |    39 |    63 |     3 ||   105
       Skin              |       |     7 |       ||     7
Dodge: Dodged            |    55 |    94 |     9 ||   158

Table legend: (Time is in decaauts)
 A = Elapsed time spent in this place.
 B = Non-inter-level travel time spent in this place.
 C = Inter-level travel time spent in this place.
 D = Time resting spent in this place.
 E = Time spent auto-exploring this place.
 F = Levels seen in this place.
 G = Mean time per level.
                   A        B        C        D        E       F      G
               +--------+--------+--------+--------+--------+-----+--------+
         Total |   4953 |   4704 |    249 |      0 |   3954 |   5 |  990.6 |
       Dungeon |   4953 |   4704 |    249 |      0 |   3954 |   5 |  990.6 |
               +--------+--------+--------+--------+--------+-----+--------+

Top non-repeatable levels by time:
     D:3: 1830 daAuts
     D:1: 1345 daAuts
     D:2: 954 daAuts
     D:4: 623 daAuts
     D:5: 199 daAuts
